 Dungeon Crawl Stone Soup version 0.31-a0-360-gb3e1d13bf4 (webtiles) character file.

Game seed: 1693015466747164864

4953 Maxmaps the Mimic (level 10, -7/66 HPs)
             Began as an Octopode Shapeshifter on July 27, 2023.
             Was an Initiate of Gozag.
             Mangled by a death yak (22 damage)
             ... on level 8 of the Dungeon.
             The game lasted 00:16:53 (9706 turns).

Maxmaps the Mimic (Octopode Shapeshifter)           Turns: 9706, Time: 00:16:53

Health: -7/66      AC:  1    Str: 14    XL:     10   Next: 53%
Magic:  19/19      EV: 18    Int: 15    God:    Gozag
Gold:   732        SH: 10    Dex: 13    Spells: 9/9 levels left

rFire   . . .        k - +1 dagger (elec)
rCold   . . .        u - +0 kite shield
rNeg    . . .        (helmet currently unavailable)
rPois   .            y - amulet of regeneration
rElec   .            g - ring of wizardry
rCorr   .            r - ring of magical power
SInv    +            B - +5 ring of evasion
Will    .....        C - ring of see invisible
Stlth   +++          (no ring)
HPRegen 1.11/turn    (no ring)
MPRegen 0.16/turn    (no ring)
                     (no ring)

%: wizardry (x1)
@: mighty, beast-form
A: beast (slay +6), almost no armour, amphibious, 8 rings, camouflage 1,
gelatinous body 1, (nimble swimmer 1), tentacles
a: Begin Untransformation, Renounce Religion, Potion Petition, Call Merchant,
Bribe Branch


You were on level 8 of the Dungeon.
You worshipped Gozag.
Gozag was pleased with you.
You were a hulking beast.
You visited 1 branch of the dungeon, and saw 8 of its levels.
You also visited: Sewer and Ossuary.

You collected 1672 gold pieces.
You spent 894 gold pieces at shops.
You paid 46 gold pieces to Gozag.

Inventory:

Hand Weapons
 k - a +1 dagger of electrocution (weapon)
Armour
 u - a +0 kite shield (worn)
Jewellery
 g - a ring of wizardry (left tentacle)
 r - a ring of magical power (right tentacle)
 s - a ring of ice
 w - a ring of flight
 y - an amulet of regeneration (around mantle)
 B - a +5 ring of evasion (on tentacle)
 C - a ring of see invisible (on tentacle)
Talismans
 b - a beast talisman
Wands
 f - a wand of flame (23)
 p - a wand of quicksilver (10)
 x - a wand of mindburst (7)
Scrolls
 e - 2 scrolls of silence
 i - 2 scrolls of blinking
 j - a scroll of amnesia
 m - 8 scrolls of teleportation
 n - 5 scrolls of enchant weapon
 q - 3 scrolls of revelation
Potions
 a - 7 potions of lignification
 c - 4 potions of attraction
 h - 5 potions of curing
 l - 4 potions of cancellation
 o - 5 potions of enlightenment
 v - a potion of brilliance
 z - a potion of magic
 D - 2 potions of mutation
 E - 2 potions of berserk rage {unknown}


   Skills:
 - Level 5.1 Fighting
 - Level 4.3 Short Blades
 - Level 4.1 Dodging
 - Level 4.0 Stealth
 + Level 7.8 Shields
 - Level 3.0 Unarmed Combat
 - Level 9.0 Shapeshifting


You had 9 spell levels left.
You didn't know any spells.
Your spell library contained the following spells:

 Spells                   Type           Power      Damage    Failure   Level
 Blink                    Tloc           0%         N/A       38%         2
 Lesser Beckoning         Tloc           0%         N/A       38%         2
 Momentum Strike          Conj/Tloc      0%         3d8       38%         2
 Static Discharge         Conj/Air       0%         2-2/arc   38%         2
 Ignite Poison            Fire/Tmut/Pois 0%         N/A       61%         3
 Inner Flame              Hex/Fire       0%         N/A       61%         3
 Tukima's Dance           Hex            0%         N/A       61%         3
 Airstrike                Air            0%         2d(0-16)  93%         4
 Passage of Golubria      Tloc           0%         N/A       93%         4
 Sticky Flame             Conj/Fire      0%         2d3       93%         4
 Summon Lightning Spire   Summ/Air       0%         N/A       93%         4
 Agony                    Necr           0%         N/A       99%         5
 Summon Mana Viper        Hex/Summ       0%         N/A       99%         5
 Yara's Violent Unravell  Hex/Tmut       0%         3d3       99%         5
 Ignition                 Fire           0%         3d3       100%        8


Dungeon Overview and Level Annotations

Branches:
Dungeon (8/15)             Temple (0/1) D:5            Lair (0/5) D:8
  Sewer (visited)         Ossuary (visited)

Altars:
Gozag
Trog
Uskayaw
Wu Jian

Shops:
D:1 ?   D:2 (=!

Annotations:
D:5 3 runed translucent doors, ElfOfPi's ghost, novice HuWn


Innate Abilities, Weirdness & Mutations

You are a hulking beast.
Your limbs bulge with bestial killing power. (Slay +6)
You cannot wear most types of armour.
You are amphibious.
You can wear up to eight rings at the same time.
Your skin changes colour to match your surroundings (Stealth+).
Your rubbery body absorbs attacks. (AC +1, EV +1)
((You are camouflaged when in or above water. (Stealth+)))
You have tentacles for arms and can constrict up to eight enemies at once.


Message History

The death yak is moderately wounded.
You hit the death yak.
Lightning courses through the death yak!
You squeeze the death yak.
The death yak is heavily wounded.
The death yak gores you!
You hit the death yak. You squeeze the death yak.
The death yak is severely wounded.
The death yak gores you!!
* * * LOW HITPOINT WARNING * * *
Blink to where?
Press: ? - help, Dir - move target
As you read the scroll of blinking, it crumbles to dust.
There is a stone staircase leading up here.
Okay, then.
You feel much better.
You puncture the death yak!
The death yak is severely wounded.
You block the death yak's attack.
You hit the death yak but do no damage.
You squeeze the death yak, but do no damage.
The death yak is severely wounded.
The death yak gores you!!
You barely miss the death yak.
The death yak is severely wounded.
The death yak snorts and paws the ground.
The death yak gores you!!
* * * LOW HITPOINT WARNING * * *
You barely miss the death yak. You squeeze the death yak.
The death yak is severely wounded.
You block the death yak's attack.
You barely miss the death yak.
Your tentacle-slap misses the death yak.
The death yak is severely wounded.
The death yak completely misses you.
You hit the death yak but do no damage.
The death yak is severely wounded.
The death yak gores you!!
You die...
Your body crumbles into a pile of gold.

.................................
..................#####..........
.....>......###......##........##
..#####.##...........##.)......##
...............................##
...####.##...[...............####
...#..........................#..
...#...........##Y............#.#
<..####.#.......h#.##...Y.#...#..
........#.#..###.#.##.........#..
..#####.#.#..##....##.........#..
...................##........ยง#.#
........#<#.................##))#
........###..........#......##)##
.............###.................
............#..)...###...........
............#......# #....##.....


You could see a death yak.

Vanquished Creatures
  Pikel (D:7)
  Maggie (D:7)
  Prince Ribbit (D:5)
  Sigmund (D:5)
  A wyvern (D:7)
  Edmund (D:5)
  A water moccasin (D:6)
  2 sky beasts (D:7)
  A black bear (D:7)
  An ice beast (D:7)
  An orc warrior (D:8)
  A centaur (D:7)
  A kobold brigand (D:8)
  6 bullfrogs
  3 lemures (D:7)
  11 scorpions
  14 wights
  A howler monkey (D:4)
  4 centaur zombies (Ossuary)
  A hound (D:5)
  3 jellies
  5 orc priests
  2 human zombies (Ossuary)
  A sleepcap (D:6)
  An iguana (D:6)
  4 orc wizards
  4 scorpion zombies (Ossuary)
  A sickly merfolk siren (Sewer)
  A malarious merfolk avatar (Sewer)
  Robin (D:2)
  3 mummies (Ossuary)
  5 adders
  9 gnolls (D:6)
  A river rat (Sewer)
  A shadow imp (D:6)
  3 ufetubi
  A worm (D:2)
  A dart slug (D:1)
  23 orcs
  8 bats
  7 endoplasms
  7 giant cockroaches
  15 goblins
  6 hobgoblins
  2 jackals (D:3)
  7 kobolds
  8 quokkas
  10 ball pythons
  5 frilled lizards (Sewer)
  A hobgoblin zombie (Ossuary)
  2 kobold zombies (Ossuary)
  An orc zombie (Ossuary)
  27 rats
230 creatures vanquished.

Notes
Turn   | Place    | Note
-------+----------+-------------------------------------------
     0 | D:1      | Maxmaps the Octopode Shapeshifter began the quest for the
                  | Orb.
     0 | D:1      | Reached XP level 1. HP: 13/13 MP: 1/1
   177 | D:1      | Reached XP level 2. HP: 19/19 MP: 2/2
   345 | D:1      | Found Ykyceaf's Magic Scroll Boutique.
   615 | D:1      | Found a faded altar of an unknown god.
   768 | D:1      | Reached XP level 3. HP: 20/25 MP: 3/3
  1153 | D:2      | Found Sayden's Jewellery Emporium.
  1164 | D:2      | You fall into a shaft and drop 2 floors!
  1166 | D:4      | Noticed a bullfrog
  1174 | D:4      | Killed a bullfrog
  1175 | D:4      | Reached XP level 4. HP: 31/31 MP: 4/4
  1230 | D:4      | Reached XP level 5. HP: 29/36 MP: 5/5
  1543 | D:4      | Reached XP level 6. HP: 32/42 MP: 6/6
  1663 | D:4      | Found an opulent altar of Gozag.
  1765 | D:4      | Became a worshipper of Gozag Ym Sagoz the Greedy
  2037 | D:2      | Found Wepuoh's Distillery.
  2042 | D:2      | Bought a potion of curing for 36 gold pieces
  2132 | D:2      | Found Ryemimoc's Antique Weapon Shop.
  2147 | D:2      | Noticed Robin
  2187 | D:2      | Killed Robin
  2404 | D:2      | Found a hide-covered altar of Uskayaw.
  2584 | D:2      | Identified the +7 war axe of the Twisting Gods {freeze,
                  | *Rage rPois rN+ Dex+6}
  4284 | D:5      | Entered Level 5 of the Dungeon
  4284 | D:5      | Found a staircase to the Ecumenical Temple.
  4323 | D:5      | Noticed Sigmund
  4325 | D:5      | Killed Sigmund
  4326 | D:5      | Reached XP level 7. HP: 46/46 MP: 7/7
  4452 | D:5      | Found a runed translucent gate.
  4453 | D:5      | Found a runed translucent gate.
  4454 | D:5      | Found a runed translucent gate.
  4454 | D:5      | Noticed ElfOfPi's ghost (novice HuWn)
  4488 | D:5      | Found a glowing drain.
  4534 | Sewer    | Entered a sewer
  4643 | Sewer    | Reached skill level 1 in Shields
  5083 | D:5      | Noticed Edmund
  5093 | D:5      | Killed Edmund
  5300 | D:5      | Found an ornate altar of the Wu Jian Council.
  5337 | D:5      | Noticed Prince Ribbit
  5342 | D:5      | Killed Prince Ribbit
  5343 | D:5      | Reached skill level 5 in Shields
  5343 | D:5      | Reached XP level 8. HP: 46/52 MP: 8/8
  6178 | D:6      | Reached skill level 5 in Fighting
  6220 | D:6      | Found a sand-covered staircase.
  6225 | Ossuary  | Entered an ossuary
  6297 | Ossuary  | Reached skill level 4 in Shapeshifting
  6390 | Ossuary  | Reached skill level 5 in Shapeshifting
  6390 | Ossuary  | Reached XP level 9. HP: 28/61 MP: 9/9
  6633 | Ossuary  | Reached skill level 6 in Shapeshifting
  7712 | D:6      | Reached skill level 7 in Shapeshifting
  8092 | D:1      | Bought a scroll of blinking for 97 gold pieces
  8092 | D:1      | Bought a scroll of blinking for 97 gold pieces
  8092 | D:1      | Bought a scroll of identify for 26 gold pieces
  8092 | D:1      | Bought a scroll of identify for 26 gold pieces
  8165 | D:2      | Bought a +5 ring of evasion for 432 gold pieces
  8166 | D:2      | Bought a ring of see invisible for 180 gold pieces
  8338 | D:7      | Noticed Pikel
  8340 | D:7      | Noticed Maggie
  8375 | D:7      | Killed Maggie
  8381 | D:7      | Killed Pikel
  8382 | D:7      | Reached skill level 8 in Shapeshifting
  8382 | D:7      | Reached XP level 10. HP: 42/66 MP: 10/10
  8457 | D:7      | Reached skill level 9 in Shapeshifting
  8729 | D:7      | Got Sif Muna's Handbook of Ghoulish Execration
  9067 | D:7      | Noticed a +0 falchion
  9082 | D:7      | Found a hide-covered altar of Uskayaw.
  9082 | D:7      | Noticed a +0 short sword
  9082 | D:7      | Noticed a +0 dagger
  9083 | D:7      | Noticed a +0 falchion
  9084 | D:7      | Noticed a +0 spear
  9085 | D:7      | Noticed a +0 spear
  9085 | D:7      | Noticed a +0 dagger
  9087 | D:7      | Noticed a +0 short sword
  9404 | D:8      | Found a bloodstained altar of Trog.
  9660 | D:8      | Noticed a death yak
  9662 | D:8      | Found a staircase to the Lair.
  9706 | D:8      | Mangled by a death yak

Illustrated notes

Levels and vault maps discovered:
D:1:      onia_arrival_mini_maze_b, layout_loops_corners, serial_shops,
          shop_statue, shapermc_ecumenical_altar_mp_highgroup,
          minmay_small_reverse_x
D:2:      layout_basic, serial_shops, nicolae_shop_rolling_square, shop, shop,
          basic_altar, uniq_robin
D:3:      layout_loops_corners, guppyfry_early_orc_mine
D:4:      layout_layer_cave, grunt_gozag_statues
D:5:      layout_loops_ring, mainiacjoe_overflow_catwalk,
          minmay_temple_entry_drinking_statues, gup_sewer_entry_pipe,
          gammafunk_ghost_nasty_kobolds, uniq_sigmund, uniq_edmund,
          uniq_prince_ribbit1
D:6:      layout_basic, enter_ossuary_2
D:7:      layout_loops_corners, nicolae_uskayaw_en_pointe, uniq_pikel,
          uniq_maggie
D:8:      layout_basic, bloody_trog, dpeg_lair_monsters

Skill      XL: |  1  2  3  4  5  6  7  8  9 10 |
---------------+-------------------------------+-----
Fighting       | 2 3 5 |  5.1
Short Blades   | 2 3 4 |  4.3
Stealth        | 2 4 |  4.0
Dodging        | 3 4 |  4.1
Shields        | 5 7 |  7.8
Shapeshifting  | 5 8 9 |  9.0
Unarmed Combat | |  3.0

Action                     |  1- 3 |  4- 6 |  7- 9 | 10-12 || total
---------------------------+-------+-------+-------+-------++-------
  Melee: Unarmed           |    30 |       |       |       ||    30
         Constrict         |    12 |    15 |    57 |    18 ||   102
         Tentacles         |    10 |    10 |    61 |    27 ||   108
         Punch             |     3 |       |    10 |     1 ||    14
         Dagger            |    17 |    95 |   275 |   102 ||   489
    Use: Scroll            |       |    10 |     5 |     2 ||    17
         Potion            |       |     2 |     5 |     2 ||     9
   Stab: Sleeping          |     6 |    14 |    25 |     8 ||    53
         Distracted        |       |       |     2 |       ||     2
 Armour: Skin              |     8 |    26 |    12 |     1 ||    47
  Dodge: Dodged            |    26 |    25 |    99 |    38 ||   188
  Block: Kite shield       |       |     1 |    98 |    32 ||   131

Table legend: (Time is in decaauts)
 A = Elapsed time spent in this place.
 B = Non-inter-level travel time spent in this place.
 C = Inter-level travel time spent in this place.
 D = Time resting spent in this place.
 E = Time spent auto-exploring this place.
 F = Levels seen in this place.
 G = Mean time per level.
                   A        B        C        D        E       F      G
               +--------+--------+--------+--------+--------+-----+--------+
         Total |   9672 |   8913 |    759 |    651 |   6709 |  10 |  967.2 |
       Dungeon |   8520 |   7761 |    759 |    493 |   6115 |   8 | 1065.0 |
         Sewer |    526 |    526 |      0 |    114 |    229 |   1 |  526.0 |
       Ossuary |    626 |    626 |      0 |     44 |    365 |   1 |  626.0 |
               +--------+--------+--------+--------+--------+-----+--------+

Top non-repeatable levels by time:
     D:6: 1564 daAuts
     D:4: 1553 daAuts
     D:1: 1098 daAuts
     D:5: 1037 daAuts
     D:7: 1017 daAuts
     D:2: 947 daAuts
     D:3: 902 daAuts
 Ossuary: 626 daAuts
   Sewer: 526 daAuts
     D:8: 399 daAuts
